 Dungeon Crawl Stone Soup version 0.20.1-1-g8b1a95d (webtiles) character file.

623 slep the Chopper (level 7, -4/52 HPs)
             Began as a Demonspawn Gladiator on Dec 20, 2017.
             Splashed by a jelly's acid (8 damage)
             ... on level 5 of the Dungeon.
             The game lasted 00:10:59 (3087 turns).

slep the Chopper (Demonspawn Gladiator)             Turns: 3087, Time: 00:11:02

Health: -4/52      AC: -6    Str: 14    XL:     7   Next: 22%
Magic:  7/7        EV: 14    Int: 10    God:
Gold:   197        SH:  0    Dex: 16    Spells: 6/6 levels left

rFire    . . .     SeeInvis .   a - +0 war axe
rCold    . . .     Gourm    .   (no shield)
rNeg     . . .     Faith    .   b - +0 leather armour
rPois    .         Spirit   .   (helmet restricted)
rElec    .         Reflect  .   (no cloak)
rCorr    .         Harm     .   e - -1 pair of gloves (curse)
MR       .....                  (no boots)
Stlth    ++........             (no amulet)
Regen    0.2/turn               l - ring of wizardry
MPRegen  0.1/turn               (no ring)

@: corroded
A: horns 1, yellow scales 1, spiny 1
a: no special abilities


You were on level 5 of the Dungeon.
You were very hungry.

You visited 1 branch of the dungeon, and saw 5 of its levels.

You collected 197 gold pieces.

Inventory:

Hand Weapons
 a - a +0 war axe (weapon)
Missiles
 d - 3 throwing nets
 i - 7 tomahawks (quivered)
 q - 22 sling bullets
Armour
 b - a +0 leather armour (worn)
 c - a +0 helmet
 e - a cursed -1 pair of gloves (worn)
 G - a +0 pair of gloves
Jewellery
 l - a ring of wizardry (left hand)
Wands
 t - a wand of flame (22/48)
 F - a wand of flame (30/48)
Scrolls
 k - 2 scrolls of amnesia {unknown}
 o - 2 scrolls of enchant armour {unknown}
 p - a scroll of fog {unknown}
 r - 3 scrolls of enchant weapon {unknown}
 s - 7 scrolls of identify {unknown}
 w - a scroll of remove curse {unknown}
 y - a scroll of blinking {unknown}
 C - 3 scrolls of teleportation {unknown}
 E - a scroll of magic mapping {unknown}
Potions
 h - 3 potions of mutation {unknown}
 j - 2 potions of degeneration {unknown}
 m - 2 potions of magic {unknown}
 n - 4 potions of flight {unknown}
 u - 5 potions of curing
 v - a potion of resistance {unknown}
 z - a potion of cancellation {unknown}
 A - 3 potions of heal wounds {unknown}
 B - 3 potions of brilliance {unknown}
Comestibles
 f - 7 bread rations
 g - 5 fruits
 x - a royal jelly
 D - a meat ration


   Skills:
 + Level 3.2 Fighting
 + Level 5.6 Axes
 + Level 2.1 Throwing
 + Level 2.4 Armour
 + Level 4.1 Dodging
 + Level 0.8 Stealth


You had 6 spell levels left.
You didn't know any spells.

Dungeon Overview and Level Annotations

Branches:
Dungeon (5/15)
 Temple: D:4-7

Altars:
Cheibriados
Dithmenos
Gozag
Makhleb
Sif Muna
Uskayaw
Vehumet
Zin

Shops:
D:3 *


Innate Abilities, Weirdness & Mutations

You have a pair of small horns on your head.
You are partially covered in yellow scales. (AC +2)
You are partially covered in sharp spines.


Message History

You headbutt the jelly, but do no damage.
The jelly is severely wounded.
The jelly hits you. The acid corrodes you!
You are splashed with acid!
The acid burns!
You hit the jelly but do no damage.
Your hands burn!
The jelly is severely wounded.
The jelly barely misses you.
You hit the jelly.
Your hands burn!
You headbutt the jelly.
The jelly is almost dead.
The jelly hits you.
* * * LOW HITPOINT WARNING * * *
You are splashed with acid!
The acid burns!
* * * LOW HITPOINT WARNING * * *
You hit the jelly.
Your hands burn!
* * * LOW HITPOINT WARNING * * *
The jelly is almost dead.
The jelly hits you.
* * * LOW HITPOINT WARNING * * *
The acid corrodes you!
You are splashed with acid!
The acid burns!
You die...

#.......# #...... #.......#
....+ #...... #.......#
....# ....... #.......#
....# #...... #.......#
....# #...... #.......#
....+ .......########'##
....# ......J#.........#
....# .......@.........#
....# #########.........#
....# #.................#
....+ #.................#
....# #.................#
....# #...............[.#
....#####.................#
............###############
............#


You could see a jelly.

Vanquished Creatures
  A howler monkey (D:5)
  A crimson imp (D:5)
  A centaur zombie (D:5)
  3 hounds
  4 orc wizards
  Jessica (D:2)
  Ijyb (D:3)
  An iguana (D:4)
  Natasha (thrice) (D:4)
  A worker ant (D:5)
  2 adders
  2 oozes
  2 worms
  6 dart slugs
  7 leopard geckos
  14 orcs
  2 ball pythons (D:2)
  3 giant cockroaches
  5 goblins
  6 hobgoblins
  6 jackals (D:2)
  A quokka (D:5)
  7 bats
  7 frilled lizards
  3 kobolds
  A leopard gecko skeleton (D:4)
  4 rats
95 creatures vanquished.

Notes
Turn   | Place    | Note
-------+----------+-------------------------------------------
     0 | D:1      | slep the Demonspawn Gladiator began the quest for the Orb.
     0 | D:1      | Reached XP level 1. HP: 16/16 MP: 1/1
   118 | D:1      | Gained mutation: You are partially covered in sharp spines. [demonic ancestry]
   118 | D:1      | Reached XP level 2. HP: 20/22 MP: 2/2
   191 | D:1      | You fall through a shaft!
   191 | D:2      | Found a hide-covered altar of Uskayaw.
   191 | D:2      | Found a glowing silver altar of Zin.
   198 | D:2      | Reached skill level 3 in Axes
   210 | D:2      | Reached XP level 3. HP: 25/27 MP: 3/3
   217 | D:2      | Found a shadowy altar of Dithmenos.
   492 | D:2      | Noticed Jessica
   505 | D:2      | Killed Jessica
   505 | D:2      | Gained mutation: You are partially covered in yellow scales. (AC +2) [demonic ancestry]
   505 | D:2      | Reached XP level 4. HP: 34/34 MP: 4/4
   673 | D:3      | Noticed Ijyb
   685 | D:3      | Reached skill level 4 in Axes
   686 | D:3      | Killed Ijyb
   686 | D:3      | Gained mutation: You have a pair of small horns on your head. [demonic ancestry]
   686 | D:3      | Reached XP level 5. HP: 9/39 MP: 5/5
   689 | D:3      | Reached skill level 1 in Armour
   895 | D:3      | Found Gozag's Platinum Reserve.
   949 | D:3      | Found a radiant altar of Vehumet.
   951 | D:3      | Found a snail-covered altar of Cheibriados.
  1008 | D:3      | Found an opulent altar of Gozag.
  1979 | D:3      | Noticed Natasha
  2014 | D:4      | Killed Natasha
  2017 | D:4      | Noticed Natasha
  2020 | D:4      | Killed Natasha
  2020 | D:4      | Reached XP level 6. HP: 32/46 MP: 6/6
  2195 | D:4      | Noticed Natasha
  2201 | D:4      | Killed Natasha
  2357 | D:4      | Found a deep blue altar of Sif Muna.
  2457 | D:4      | Reached skill level 5 in Axes
  2463 | D:4      | Found a burning altar of Makhleb.
  2639 | D:5      | Entered Level 5 of the Dungeon
  2898 | D:5      | Reached XP level 7. HP: 42/52 MP: 7/7
  3087 | D:5      | Splashed by a jelly's acid

Skill      XL: |  1  2  3  4  5  6 |
---------------+-------------------+-----
Throwing       | 2 |  2.1
Dodging        | 3 4 |  4.1
Axes           | 3 4 5 |  5.6
Armour         | 1 2 |  2.4
Fighting       | 3 |  3.2
Stealth        | |  0.8

Action                   |  1- 3 |  4- 6 |  7- 9 || total
-------------------------+-------+-------+-------++-------
Melee: War axe           |    49 |   116 |    15 ||   180
       Headbutt          |       |    15 |     5 ||    20
 Stab: Sleeping          |     1 |     1 |     1 ||     3
  Eat: Chunk             |       |     6 |       ||     6
Armor: Leather armour    |    11 |    24 |     4 ||    39
Dodge: Dodged            |    39 |    87 |    10 ||   136
